 Dungeon Crawl Stone Soup version 0.20.1-1-g8b1a95d (console) character file.

466 Kloppie the Cudgeler (level 6, -2/85 HPs)
             Began as a Minotaur Gladiator on July 12, 2017.
             Was an Initiate of Makhleb.
             Slain by Menkaure (11 damage)
             ... on level 4 of the Dungeon.
             The game lasted 00:03:21 (2390 turns).

Kloppie the Cudgeler (Minotaur Gladiator)           Turns: 2390, Time: 00:03:22

Health: -2/85      AC: 23    Str: 20    XL:     6   Next: 81%
Magic:  5/5        EV:  2    Int:  5    God:    Makhleb [......]
Gold:   85         SH:  0    Dex: 12    Spells: 5/5 levels left

rFire    + . .     SeeInvis .   a - +0 flail
rCold    + . .     Gourm    .   (no shield)
rNeg     + + +     Faith    .   (armour currently unavailable)
rPois    +         Spirit   .   (helmet currently unavailable)
rElec    +         Reflect  .   (cloak currently unavailable)
rCorr    +         Harm     .   (gloves currently unavailable)
MR       .....     NoTele   +   (boots currently unavailable)
Stlth    +.........             (no amulet)
Regen    0.3/turn               (no ring)
MPRegen  0.1/turn               (no ring)

@: tree-form, resistant
A: (retaliatory headbutt)
a: Renounce Religion


You were on level 4 of the Dungeon.
You worshipped Makhleb.
Makhleb was noncommittal.
You were not hungry.
You were a tree.
You visited 2 branches of the dungeon, and saw 5 of its levels.

You collected 85 gold pieces.

Inventory:

Hand Weapons
 a - a +0 flail (weapon)
Missiles
 d - a throwing net (quivered)
 h - 3 javelins
Armour
 c - a +0 hat (melded)
 e - a +0 scale mail (melded)
 n - a +0 shield
Scrolls
 l - a scroll of remove curse {unknown}
 m - a scroll of fog {unknown}
 s - a scroll of enchant weapon {unknown}
 t - a scroll of recharging {unknown}
Potions
 b - a potion of mutation
 i - a potion of invisibility
 k - a potion of heal wounds {unknown}
 r - 2 potions of resistance
Comestibles
 f - 2 bread rations
 g - 2 chunks of flesh
 o - a royal jelly
 p - a meat ration
 q - a fruit


   Skills:
 + Level 5.9 Fighting
 - Level 7.6 Maces & Flails
 - Level 2.0 Throwing
 - Level 3.2 Dodging


You had 5 spell levels left.
You didn't know any spells.

Dungeon Overview and Level Annotations

Branches:
Dungeon (4/15)             Temple (1/1) D:4

Altars:
Ashenzari
Cheibriados
Dithmenos
Elyvilon
Fedhas
Gozag
Hepliaklqana
Kikubaaqudgha
Makhleb
Nemelex Xobeh
Okawaru
Qazlal
Ru
Sif Muna
Trog
Uskayaw
Vehumet
Xom
Yredelemnul
Zin
The Shining One

Annotations:
D:3 Reinor's ghost, amateur SpEE
D:4 Menkaure


Innate Abilities, Weirdness & Mutations

((You reflexively headbutt those who attack you in melee.))
((You have a pair of horns on your head.))


Message History

* * * LOW HITPOINT WARNING * * *
It was a potion of resistance.
You feel protected. The bullfrog hits you.
* * * LOW HITPOINT WARNING * * *
The bullfrog hits you but does no damage.
You turn into a tree.
Your +0 hat melds into your body.
Your +0 scale mail melds into your body.
Your roots penetrate the ground.
The bullfrog hits you but does no damage.
You sock the bullfrog!
You kill the bullfrog!
Makhleb accepts your kill.
You hit Menkaure.
Menkaure is lightly damaged.
A bullfrog skeleton comes into view.
You completely miss Menkaure.
Menkaure is lightly damaged.
Menkaure hits you!
You die...

#.....#####.# #..........
#.M...# #.# #..⌠...<...
#.....# #.###......###.
#.....# #....⌠.>.⌠.###.
#....(########.......#...
#...............⌠...#.#.
#....# #..##...)...#.#.
####.#.####...#.##.##.....
....Z....M♣....#.........##
..#.....####...####.######
#...........#####.#
.......#####.......#
#.#.....# #....#### #
#.....# ####.# ###.### #.#
.. #.# #.#


You could see Menkaure and a bullfrog skeleton (wandering).

Vanquished Creatures
  Sigmund (D:2)
  A centaur (D:4)
  A bullfrog (D:4)
  2 orc wizards (D:4)
  A worker ant (D:4)
  3 adders
  A worm (D:2)
  A dart slug (D:2)
  A leopard gecko (D:1)
  3 orcs (D:4)
  4 giant cockroaches
  9 goblins
  8 hobgoblins
  6 jackals (D:2)
  2 ball pythons (D:2)
  7 bats
  6 frilled lizards
  4 kobolds
  4 rats
65 creatures vanquished.

Notes
Turn   | Place    | Note
-------+----------+-------------------------------------------
     0 | D:1      | Kloppie the Minotaur Gladiator began the quest for the Orb.
     0 | D:1      | Reached XP level 1. HP: 18/18 MP: 0/0
   456 | D:1      | Reached XP level 2. HP: 26/26 MP: 1/1
   478 | D:1      | Reached skill level 4 in Maces & Flails
   893 | D:2      | Reached XP level 3. HP: 31/31 MP: 2/2
  1109 | D:2      | Reached skill level 5 in Maces & Flails
  1197 | D:2      | Noticed Sigmund
  1298 | D:2      | Killed Sigmund
  1298 | D:2      | Reached skill level 7 in Maces & Flails
  1298 | D:2      | Reached XP level 4. HP: 14/40 MP: 3/3
  1298 | D:2      | Reached XP level 5. HP: 16/46 MP: 4/4
  1972 | D:3      | Noticed Reinor's ghost (amateur SpEE)
  1990 | D:4      | Found a staircase to the Ecumenical Temple.
  1998 | Temple   | Entered the Ecumenical Temple
  2233 | Temple   | Became a worshipper of Makhleb the Destroyer
  2269 | D:4      | Reached XP level 6. HP: 52/52 MP: 5/5
  2301 | D:4      | Reached skill level 5 in Fighting
  2376 | D:4      | Noticed Menkaure
  2390 | D:4      | Slain by Menkaure

Skill      XL: |  1  2  3  4  5  6 |
---------------+-------------------+-----
Fighting       | 3 5 |  5.9
Maces & Flails | 4 7 |  7.6
Throwing       | |  2.0
Dodging        | |  3.2

Action                   |  1- 3 |  4- 6 || total
-------------------------+-------+-------++-------
Melee: Flail             |    87 |    55 ||   142
       Headbutt          |    17 |     8 ||    25
Throw: Throwing net      |     3 |       ||     3
  Use: Scroll            |       |     3 ||     3
       Potion            |       |     2 ||     2
  Eat: Chunk             |     1 |     4 ||     5
Armor: Scale mail        |    36 |    23 ||    59
       Skin              |       |     1 ||     1
Dodge: Dodged            |    66 |    37 ||   103
